 Dungeon Crawl Stone Soup version 0.25-a0-635-g0c6c292 (webtiles) character file.

Game seed: 6037026985110516530, levelgen mode: deterministic

611 pkoi the Ruffian (level 7, -4/57 HPs)
             Began as a Minotaur Monk on Mar 20, 2020.
             Was a Priest of Makhleb.
             Slain by an orc warrior
             ... wielding a +0 short sword
              (12 damage)
             ... on level 6 of the Dungeon.
             The game lasted 00:05:26 (3604 turns).

pkoi the Ruffian (Minotaur Monk)                    Turns: 3604, Time: 00:05:27

Health: -4/57      AC:  6    Str: 17    XL:     7   Next: 20%
Magic:  8/8        EV: 13    Int:  7    God:    Makhleb [***...]
Gold:   310        SH:  0    Dex: 13    Spells: 6/6 levels left

rFire    + . .     SeeInvis .     - Unarmed
rCold    . . .     Gourm    .   (no shield)
rNeg     . . .     Faith    .   d - +0 leather armour
rPois    .         Spirit   .   (helmet restricted)
rElec    .         Reflect  .   (no cloak)
rCorr    .         Harm     .   u - +0 pair of gloves
MR       .....                  (no boots)
Stlth    ++........             (no amulet)
HPRegen  0.19/turn              t - ring of protection from fire
MPRegen  0.11/turn              f - +2 ring of protection (curse)

@: no status effects
A: retaliatory headbutt, horns 2
a: Minor Destruction, Lesser Servant of Makhleb, Renounce Religion


You were on level 6 of the Dungeon.
You worshipped Makhleb.
Makhleb was most pleased with you.
You were hungry.

You visited 1 branch of the dungeon, and saw 6 of its levels.

You collected 400 gold pieces.
You spent 90 gold pieces at shops.

Inventory:

Missiles
 o - 5 curare-tipped darts (quivered)
Armour
 d - a +0 leather armour (worn)
 u - a +0 pair of gloves (worn)
Jewellery
 f - a cursed +2 ring of protection (right hand)
 t - a ring of protection from fire (left hand)
 v - an uncursed ring of ice
Wands
 k - a wand of polymorph (5)
Scrolls
 e - a scroll of magic mapping
 h - a scroll of remove curse
 r - 4 scrolls of identify
Potions
 a - 5 potions of invisibility {unknown}
 g - 2 potions of heal wounds {unknown}
 i - a potion of flight
 j - a potion of haste {unknown}
 l - a potion of might {unknown}
 m - a potion of ambrosia {unknown}
 n - 2 potions of stabbing {unknown}
 p - a potion of resistance {unknown}
 s - 2 potions of curing
Comestibles
 b - 13 rations


   Skills:
 - Level 3.6 Fighting
 - Level 3.9 Dodging
 - Level 1.5 Stealth
 + Level 7.6 Unarmed Combat
 + Level 3.9 Invocations


You had 6 spell levels left.
You didn't know any spells.
Your spell library was empty.

Dungeon Overview and Level Annotations

Branches:
Dungeon (6/15)
 Temple: D:4-7

Altars:
Fedhas
Hepliaklqana
Makhleb
Yredelemnul
Zin

Annotations:
D:5 3 runed translucent doors, Dittersdorf's ghost, amateur GrFi


Innate Abilities, Weirdness & Mutations

You reflexively headbutt those who attack you in melee.
You have a pair of horns on your head.


Message History

The orc warrior is severely wounded.
The orc warrior hits you with a +0 short sword!
* * * LOW HITPOINT WARNING * * *
The orc barely misses you. You furiously retaliate!
You headbutt the orc.
You kill the orc!
Makhleb accepts your kill.
You feel better.
You hit the orc warrior but do no damage.
Your headbutt misses the orc warrior.
The orc warrior is severely wounded.
The orc barely misses you. The orc misses you.
The orc warrior hits you with a +0 short sword!
* * * LOW HITPOINT WARNING * * *
Unknown command.
You hit the orc warrior. Your headbutt misses the orc warrior.
The orc warrior is severely wounded.
The orc closely misses you. x2; You furiously retaliate!
You headbutt the orc, but do no damage.
The orc warrior hits you with a +0 short sword!
You die...

# #.# #.###.#
#.#...## #......###
##..# ###
#.....)... .....
... ##....o.#>.
...# #.#
#....o(##.# #..#
#.# #o@##.# #..#
#.# #.†##.#
##..###<.
#..##.#####........
#..#...#.......####
#.............##
#.......#.#..##
#...#..###..##
#.....## ##...
#...... ......


You could see an orc warrior and 2 orcs.

Vanquished Creatures
  A bullfrog (D:6)
  A scorpion (D:3)
  A bullfrog zombie (D:5)
  A bullfrog skeleton (D:4)
  An orc priest (D:3)
  A centaur skeleton (D:4)
  An orc wizard (D:4)
  5 worker ants
  A hound skeleton (D:5)
  5 adders
  4 gnolls (D:3)
  A shadow imp (D:2)
  3 oozes
  2 adder skeletons (D:4)
  2 worms
  4 dart slugs
  5 leopard geckos
  15 orcs
  3 ball pythons
  6 bats
  3 giant cockroaches
  5 goblins
  8 hobgoblins
  5 jackals
  7 kobolds
  2 quokkas
  5 frilled lizards
  A jackal zombie (D:5)
  A leopard gecko skeleton (D:5)
  6 rats
106 creatures vanquished.

Vanquished Creatures (others)
  6 fungi (D:3)
6 creatures vanquished.

Grand Total: 112 creatures vanquished

Notes
Turn   | Place    | Note
-------+----------+-------------------------------------------
     0 | D:1      | pkoi the Minotaur Monk began the quest for the Orb.
     0 | D:1      | Reached XP level 1. HP: 19/19 MP: 0/0
    90 | D:1      | Reached XP level 2. HP: 25/26 MP: 1/1
   106 | D:1      | Reached skill level 4 in Unarmed Combat
   554 | D:1      | Reached XP level 3. HP: 31/31 MP: 2/2
   893 | D:2      | Reached skill level 5 in Unarmed Combat
   992 | D:2      | Reached XP level 4. HP: 39/39 MP: 3/3
  1050 | D:2      | Found a basalt altar of Yredelemnul.
  1175 | D:2      | Found a burning altar of Makhleb.
  1184 | D:2      | Became a worshipper of Makhleb the Destroyer
  1184 | D:2      | Reached * piety under Makhleb
  1184 | D:2      | Reached ** piety under Makhleb
  1358 | D:3      | Reached skill level 1 in Invocations
  1358 | D:3      | Reached XP level 5. HP: 37/45 MP: 3/5
  1613 | D:3      | Reached skill level 6 in Unarmed Combat
  1653 | D:3      | Found a hazy altar of Hepliaklqana.
  1702 | D:3      | Found a blossoming altar of Fedhas.
  1878 | D:3      | Reached *** piety under Makhleb
  1905 | D:3      | Reached XP level 6. HP: 37/51 MP: 6/6
  2531 | D:4      | Found Zin's Purification Station.
  2533 | D:4      | Found a glowing silver altar of Zin.
  2537 | D:4      | Bought a potion of curing for 90 gold pieces
  2734 | D:4      | Reached skill level 7 in Unarmed Combat
  3023 | D:5      | Entered Level 5 of the Dungeon
  3216 | D:5      | Found a runed translucent gate.
  3217 | D:5      | Found a runed translucent gate.
  3218 | D:5      | Found a runed translucent gate.
  3220 | D:5      | Reached XP level 7. HP: 57/57 MP: 8/8
  3225 | D:5      | Noticed Dittersdorf's ghost (amateur GrFi)
  3604 | D:6      | Slain by an orc warrior

Levels and vault maps discovered:
D:1:      lemuel_arrival_cross, layout_loops_ring, minmay_misc_feat_roman
D:2:      layout_rooms, makhleb_grotto_becter, lemuel_coloured_pillars_altar
D:3:      layout_basic, lemuel_round_altar, first_ration, fedhas_altar_3
D:4:      wander_river, layout_loops_corners, zin_purify,
          kennysheep_generic_room_4
D:5:      layout_cave_pools, ebering_ghost_rock_garden
D:6:      layout_loops_ring, lemuel_round_altar, temple_pool_b, elyvilon_altar_3

Skill      XL: |  1  2  3  4  5  6 |
---------------+-------------------+-----
Unarmed Combat | 4 5 6 7 |  7.6
Invocations    | 1 2 3 |  3.9
Fighting       | |  3.6
Dodging        | |  3.9
Stealth        | |  1.5

Action                   |  1- 3 |  4- 6 |  7- 9 || total
-------------------------+-------+-------+-------++-------
Melee: Unarmed           |    97 |   154 |    28 ||   279
       Headbutt          |    12 |    42 |     7 ||    61
       Punch             |     1 |     4 |     1 ||     6
  Use: Scroll            |       |     9 |       ||     9
 Stab: Sleeping          |     3 |     4 |       ||     7
  Eat: Chunk             |       |     7 |     1 ||     8
Armor: Leather armour    |    18 |    30 |     6 ||    54
Dodge: Dodged            |    57 |    90 |    32 ||   179

Table legend:
 A = Non-vault XP
 B = Vault XP
 C = Vault XP percentage of total XP
 D = Non-vault monster count
 E = Vault monster count
 F = Vault count percentage of total count
                 A         B        C        D         E       F
            +---------+---------+-------+---------+---------+-------
      Total |     831 |      43 |   4.9 |     104 |       2 |   1.9
            +---------+---------+-------+---------+---------+-------
        D:1 |      42 |       0 |   0.0 |      22 |       0 |   0.0
        D:2 |      70 |      11 |  13.6 |      20 |       1 |   4.8
        D:3 |     269 |       0 |   0.0 |      36 |       0 |   0.0
        D:4 |     218 |      32 |  12.8 |      14 |       1 |   6.7
        D:5 |     141 |       0 |   0.0 |       9 |       0 |   0.0
        D:6 |      91 |       0 |   0.0 |       3 |       0 |   0.0
            +---------+---------+-------+---------+---------+-------
